 Dungeon Crawl Stone Soup version 0.17-a0-2093-gc772f4b (webtiles) character file.

1089 ololoev the Conjurer (level 8, 52/52 HPs)
             Began as a Demonspawn Fire Elementalist on Oct 16, 2015.
             Quit the game on level 5 of the Dungeon.
             The game lasted 00:15:53 (5764 turns).

ololoev the Conjurer (Demonspawn Fire Elementalist) Turns: 5764, Time: 00:15:54

Health: 52/52      AC:  5    Str:  8    XL:     8   Next: 9%
Magic:  6/14       EV: 18    Int: 18    God:
Gold:   240        SH:  0    Dex: 15    Spells: 3 memorised, 8 levels left

rFire  + . .     SeeInvis .     t - +2 spear (pierce)
rCold  . . .     Clarity  .     F - +1 leather armour "Veetiut" {rF+} (curse)
rNeg   . . .     SustAt   .     (no shield)
rPois  .         Gourm    .     (no helmet)
rElec  .         Spirit   .     e - +0 cloak
rCorr  +         Warding  .     (no gloves)
rMut   .         Stasis   .     (no boots)
MR     .....                    g - amulet of resist corrosion
Stlth  ++........               (no ring)
                                p - +3 ring of evasion

@: repel missiles, not resistant to hostile enchantments, unstealthy
A: talons 1, repulsion field 3, demonic guardian 1
a: no special abilities


Innate Abilities, Weirdness & Mutations

You have sharp toenails.
You are surrounded by a strong repulsion field (EV +4, rMsl).
A weak demonic guardian rushes to your aid.

Inventory:

Hand Weapons
 t - a +2 spear of piercing (weapon)
Armour
 e - a +0 cloak (worn)
 F - the cursed +1 leather armour "Veetiut" (worn) {rF+}
   (You found it on level 5 of the Dungeon)

   It protects you from fire.
   It has a curse placed upon it.
Jewellery
 g - an amulet of resist corrosion (around neck)
 p - a +3 ring of evasion (left hand)
Wands
 a - a wand of teleportation (6)
Scrolls
 d - a scroll of blinking {unknown}
 f - 2 scrolls of teleportation {unknown}
 i - 2 scrolls of fear {unknown}
 j - 4 scrolls of identify {unknown}
 k - 2 scrolls of recharging {unknown}
 l - 6 scrolls of remove curse {unknown}
 n - a scroll of amnesia {unknown}
 v - 3 scrolls of magic mapping {unknown}
 y - a scroll of noise {unknown}
 B - a scroll of enchant armour {unknown}
 C - a scroll of enchant weapon {unknown}
Potions
 c - a potion of ambrosia {unknown}
 h - 2 potions of brilliance {unknown}
 m - 2 potions of curing {unknown}
 o - 2 potions of agility {unknown}
 q - a potion of degeneration {unknown}
 r - 2 potions of poison {unknown}
 u - a potion of resistance {unknown}
 x - 2 potions of cure mutation {unknown}
 z - 2 potions of haste {unknown}
 A - a potion of flight {unknown}
Books
 b - a book of Flames

   Spells                             Type                      Level
   a - Flame Tongue                   Conjuration/Fire             1
   b - Throw Flame                    Conjuration/Fire             2
   c - Conjure Flame                  Conjuration/Fire             3
   d - Inner Flame                    Hexes/Fire                   3
   e - Sticky Flame                   Conjuration/Fire             4
   f - Fireball                       Conjuration/Fire             5
Comestibles
 s - 3 beef jerkies
 w - a bread ration
 D - 3 slices of pizza
 E - 2 fruits
 G - 2 chunks of flesh


   Skills:
 - Level 1.7 Dodging
 - Level 1.7 Stealth
 + Level 4.5 Spellcasting
 * Level 6.9 Conjurations
 + Level 5.0 Fire Magic


You had 8 spell levels left.
You knew the following spells:

 Your Spells              Type           Power        Failure   Level  Hunger
a - Flame Tongue          Conj/Fire      ####.        1%          1    None
b - Conjure Flame         Conj/Fire      ####....     6%          3    ###....
c - Sticky Flame          Conj/Fire      ####....     17%         4    ####...


You were on level 5 of the Dungeon.
You were not hungry.

You visited 1 branch of the dungeon, and saw 5 of its levels.

You collected 240 gold pieces.

#########
###.......#####
#......(...#...##
.................
...........>.....
#........@#
#.........#
##.........#
#..........# .
#..........# ...
#..........#.....
#...#
#............#
##...#
#............#
#....#
#....#####...#

Notes
Turn   | Place    | Note
--------------------------------------------------------------
     0 | D:1      | ololoev the Demonspawn Fire Elementalist began the quest for the Orb.
     0 | D:1      | Reached XP level 1. HP: 13/13 MP: 3/3
   114 | D:1      | Gained mutation: You are surrounded by a mild repulsion field (EV +2). [demonic ancestry]
   114 | D:1      | Reached XP level 2. HP: 2/19 MP: 0/5
   554 | D:1      | Reached skill level 3 in Fire Magic
  1107 | D:2      | Noticed Natasha
  1112 | D:2      | Killed Natasha
  1112 | D:2      | Gained mutation: A weak demonic guardian rushes to your aid. [demonic ancestry]
  1112 | D:2      | Reached XP level 3. HP: 24/24 MP: 0/6
  1427 | D:2      | Reached XP level 4. HP: 30/30 MP: 1/7
  1550 | D:2      | Learned a level 3 spell: Conjure Flame
  1555 | D:2      | Learned a level 4 spell: Sticky Flame
  1887 | D:2      | Noticed Natasha
  2202 | D:2      | Killed Natasha
  2226 | D:2      | Noticed Natasha
  2231 | D:2      | Killed Natasha
  2339 | D:2      | Gained mutation: You are surrounded by a moderate repulsion field (EV +3). [demonic ancestry]
  2339 | D:2      | Reached XP level 5. HP: 32/35 MP: 1/9
  2514 | D:2      | Noticed Crazy Yiuf
  2531 | D:2      | Killed Crazy Yiuf
  2870 | D:3      | Reached skill level 4 in Conjurations
  3793 | D:4      | Reached XP level 6. HP: 38/41 MP: 4/10
  3867 | D:4      | Noticed an ogre
  3872 | D:4      | Found a glowing golden altar of the Shining One.
  3872 | D:4      | Noticed Sigmund
  3888 | D:4      | Killed an ogre
  3958 | D:4      | Found a basalt altar of Yredelemnul.
  4382 | D:4      | Noticed an ogre
  4393 | D:4      | Reached skill level 5 in Conjurations
  4466 | D:4      | Killed an ogre
  4610 | D:4      | Gained mutation: You are surrounded by a strong repulsion field (EV +4, rMsl). [demonic ancestry]
  4610 | D:4      | Reached XP level 7. HP: 37/46 MP: 12/12
  4864 | D:5      | Entered Level 5 of the Dungeon
  5341 | D:5      | Noticed brucemayne's ghost (amateur HOBe)
  5369 | D:4      | Reached skill level 6 in Conjurations
  5484 | D:5      | Killed brucemayne's ghost
  5513 | D:5      | Got a faintly glowing leather armour
  5524 | D:5      | Identified the cursed +1 leather armour "Veetiut" {rF+} (You found it on level 5 of the Dungeon)
  5763 | D:5      | Reached skill level 5 in Fire Magic
  5763 | D:5      | Gained mutation: You have sharp toenails. [demonic ancestry]
  5763 | D:5      | Reached XP level 8. HP: 52/52 MP: 6/14
  5764 | D:5      | Quit the game

Dungeon Overview and Level Annotations

Branches:
Dungeon (5/15)
 Temple: D:4-7

Altars:
Yredelemnul
The Shining One

Annotations:
D:4 1 exclusion, Sigmund


Message History

Your iron imp disappears in a puff of smoke!
You closely miss the phantom.
The phantom is almost destroyed.
The phantom hits you.
You barely miss the phantom.
The phantom is almost destroyed.
The phantom completely misses you. The phantom misses you.
You closely miss the phantom.
The phantom is almost destroyed.
The phantom blinks!
No target in view!
You start resting.
HP restored.
Found a stone staircase leading down.
Casting: Flame Tongue
Confirm with . or Enter, or press ? or * to list all spells.
Aiming: Flame Tongue
Press: ? - help, Shift-Dir - straight line, f/p - phantom
Aim: a phantom (severely damaged, hasn't noticed you)
The flame tongue hits the phantom.
The phantom is almost destroyed.
The phantom barely misses you.
Casting: Flame Tongue
Confirm with . or Enter, or press ? or * to list all spells.
Aiming: Flame Tongue
Press: ? - help, Shift-Dir - straight line, f/p - phantom
Aim: a phantom (almost destroyed)
The flame tongue misses the phantom.
The phantom closely misses you.
Casting: Flame Tongue
Confirm with . or Enter, or press ? or * to list all spells.
Aiming: Flame Tongue
Press: ? - help, Shift-Dir - straight line, f/p - phantom
Aim: a phantom (almost destroyed)
The flame tongue hits the phantom.
You destroy the phantom!
Your Fire Magic skill increases to level 5!
You have reached level 8!
You feel agile.
Your demonic ancestry asserts itself...
Your toenails lengthen and sharpen.
Are you sure you want to abandon this character and quit the game? (Confirm with "yes".)

There were no monsters in sight!

Vanquished Creatures
  The ghost of brucemayne the Cleaver, an amateur HOBe of Trog (D:5)
  A phantom (D:5)
  2 ogres (D:4)
  2 crimson imps
  2 giant frog skeletons
  Crazy Yiuf (D:2)
  3 hounds
  A centaur skeleton (D:4)
  2 orc wizards (D:5)
  Natasha (thrice) (D:2)
  10 gnolls
  12 adders
  2 river rats (D:4)
  An ooze (D:4)
  3 worms (D:3)
  4 giant geckos
  2 orcs
  6 bats
  7 giant cockroaches
  7 hobgoblins
  4 jackals (D:2)
  6 kobolds
  A quokka (D:4)
  5 giant newts
  12 goblins
  12 rats
112 creatures vanquished.

Vanquished Creatures (collateral kills)
  An orc wizard (D:5)
1 creature vanquished.

Grand Total: 113 creatures vanquished

Action                   |  1- 3 |  4- 6 |  7- 9 || total
-------------------------+-------+-------+-------++-------
Melee: Dagger            |    48 |    25 |       ||    73
       Spear             |       |   149 |   121 ||   270
 Cast: Flame Tongue      |    39 |    63 |    48 ||   150
       Conjure Flame     |       |     6 |     2 ||     8
       Sticky Flame      |       |     2 |       ||     2
 Stab: Sleeping          |     1 |     5 |     1 ||     7
       Distracted        |       |     2 |       ||     2
  Eat: Bread ration      |     1 |       |       ||     1
       Chunk             |       |     4 |     1 ||     5
       Meat ration       |       |     1 |     1 ||     2

Vault maps used:
D:1:      minmay_arrival_cross, kennysheep_another_room,
          minmay_stone_trees_small
D:2:      uniq_crazy_yiuf_cottage, uniq_natasha
D:3:      first_bread, hangedman_decor_points
D:4:      kennysheep_little_box, yredelemnul_altar_generic,
          portal_sewer_entry_b, supply_closet_lemuel, uniq_sigmund
D:5:      tgw_trog, overflow_temple_1_default, basic_altar, nrook_mini_vaults,
          uniq_eustachio
